 Dungeon Crawl Stone Soup version 0.30.0-15-g856e2d3f33 (webtiles) character file.

Game seed: 9044718646075373067

4841 cdecastro the Severer (level 10, -5/93 HPs)
             Began as a Hill Orc Fighter on May 19, 2023.
             Was a Priest of Beogh.
             Slain by a sun demon (16 damage)
             ... on level 9 of the Dungeon.
             The game lasted 00:21:40 (9499 turns).

cdecastro the Severer (Hill Orc Fighter)            Turns: 9499, Time: 00:21:40

Health: -5/93      AC: 21    Str: 24    XL:     10   Next: 49%
Magic:  13/13      EV:  7    Int:  8    God:    Beogh [***...]
Gold:   335        SH:  0    Dex: 10    Spells: 9/9 levels left

rFire   . . .        M - +4 battleaxe (freeze)
rCold   . . .        (shield currently unavailable)
rNeg    . . .        L - +0 plate armour
rPois   .            (no helmet)
rElec   .            x - +0 cloak
rCorr   .            (no gloves)
SInv    .            (no boots)
Will    .....        (no amulet) Stlth
                     l - +4 ring of protection
HPRegen 0.35/turn    A - +4 ring of protection
MPRegen 0.13/turn

%: no passive effects
@: no status effects
A: no striking features
a: Renounce Religion, Smiting


You were on level 9 of the Dungeon.
You worshipped Beogh.
Beogh was most pleased with you.
You visited 2 branches of the dungeon, and saw 10 of its levels.
You also visited: Sewer.

You collected 444 gold pieces.
You spent 109 gold pieces at shops.

Inventory:

Hand Weapons
 d - a +2 hand axe of flaming
 M - a +4 battleaxe of freezing (weapon)
Missiles
 i - 24 poisoned darts (quivered)
 v - 6 silver javelins
 y - 2 throwing nets
 E - 3 atropa-tipped darts
 K - 3 boomerangs
Armour
 b - a scarf of invisibility
 x - a +0 cloak (worn)
 L - a +0 plate armour (worn)
Jewellery
 a - a +6 ring of strength
 h - a ring of willpower
 l - a +4 ring of protection (left hand)
 n - a ring of wizardry
 A - a +4 ring of protection (right hand)
Wands
 J - a wand of flame (13)
Scrolls
 c - a scroll of enchant weapon {unknown}
 f - a scroll of poison {unknown}
 g - 4 scrolls of magic mapping {unknown}
 m - 13 scrolls of identify {unknown}
 o - a scroll of vulnerability {unknown}
 q - a scroll of fog {unknown}
 r - 3 scrolls of teleportation {unknown}
 s - 3 scrolls of immolation {unknown}
 C - 2 scrolls of enchant armour {unknown}
 D - a scroll of silence {unknown}
 G - a scroll of amnesia {unknown}
 I - a scroll of blinking {unknown}
Potions
 e - a potion of resistance
 j - 5 potions of brilliance
 k - a potion of mutation {unknown}
 p - 7 potions of curing
 t - a potion of degeneration {unknown}
 u - 2 potions of lignification {unknown}
 w - a potion of berserk rage {unknown}
 z - a potion of haste {unknown}
 B - 5 potions of flight
 F - a potion of ambrosia {unknown}
 H - a potion of cancellation {unknown}


   Skills:
 - Level 10.0 Fighting
 - Level 15.0 Axes
 + Level 5.9 Armour
 - Level 3.2 Shields
 - Level 5.0 Invocations


You had 9 spell levels left.
You didn't know any spells.
Your spell library contained the following spells:

 Spells                   Type           Power      Damage    Failure   Level
 Foxfire                  Conj/Fire      0%         2x1d4     100%        1
 Shock                    Conj/Air       0%         1d3       100%        1
 Sting                    Tmut/Pois      0%         1d3       100%        1
 Poisonous Vapours        Pois/Air       0%         N/A       100%        2
 Swiftness                Air            0%         N/A       100%        3
 Volatile Blastmotes      Fire/Tloc      0%         2d10      100%        3
 Airstrike                Air            0%         2d(0-16)  100%        4
 Fulminant Prism          Conj/Hex       0%         3d5       100%        4
 Iskenderun's Mystic Bla  Conj/Tloc      0%         2d3       100%        4
 Olgreb's Toxic Radiance  Pois           0%         N/A       100%        4
 Fireball                 Conj/Fire      0%         3d3       100%        5
 Lee's Rapid Deconstruct  Erth           0%         3d4*      100%        5
 Plasma Beam              Fire/Air       0%         2x1d11    100%        6
 Starburst                Conj/Fire      0%         6d3       100%        6


Dungeon Overview and Level Annotations

Branches:
Dungeon (9/15)             Temple (1/1) D:6           Sewer (visited)
   Lair: D:8-11         Orc: D:9-12

Altars:
Ashenzari
Cheibriados
Dithmenos
Elyvilon
Fedhas
Gozag
Hepliaklqana
Kikubaaqudgha
Makhleb
Nemelex Xobeh
Okawaru
Qazlal
Ru
Sif Muna
Trog
Uskayaw
Vehumet
Wu Jian
Xom
Yredelemnul
Zin
The Shining One

Shops:
D:3 *(!=   D:5 ?

Annotations:
D:9 vault need dig


Message History

The howler monkey closely misses you.
You slash the howler monkey! You freeze the howler monkey.
You kill the howler monkey!
Beogh accepts your kill.
You see here a howler monkey corpse.
Things that are here:
a +0 club; a +0 leather armour An orc comes into view.
It is wielding a +0 dagger and carrying a wand of light (3).
The orc relaxes its fighting stance and smiles at you.
It asks, "Are you our saviour?"
Your orc closely misses something.
An orc warrior comes into view. It is wielding a +0 short sword.
An orc warrior is nearby!
An orc warrior is nearby!
Your orc hits the orc warrior but does no damage.
Your orc hits the orc warrior with a +0 dagger.
The orc warrior hits your orc with a +0 short sword!
Your orc dies!
The orc warrior shouts!
A sun demon comes into view.
The sun demon shouts!
An orc wizard comes into view.
It is wielding a +2 dagger of electrocution.
The orc warrior hits you but does no damage.
You slash the orc warrior! You freeze the orc warrior.
The orc warrior is severely wounded.
The orc warrior barely misses you.
You closely miss the orc warrior.
The orc warrior is severely wounded.
The orc warrior hits you but does no damage.
The orc warrior attacks as you move away!
The orc warrior hits you but does no damage.
The orc warrior attacks as you move away!
The orc warrior hits you but does no damage.
The orc wizard grunts, "Beogh will surely punish you for your arrogance!"
The sun demon attacks as you move away! The sun demon hits you.
* * * LOW HITPOINT WARNING * * *
You are engulfed in flames!!
* * * LOW HITPOINT WARNING * * *
The sun demon hits you!
You die...

########## .........#
.........#
..#####..#################
..#)[!#.)@....>...........
..#!!$#o3######...........
..#![$#..# #.####...###
..#####o.# #.# #...#
.........# #.# #...#
.........# #.# #...#
.#####..## #.# #...# #.)#
#.# #...# #..# #.# #...#


You could see a sun demon, an orc warrior and an orc wizard.

Vanquished Creatures
  A sixfirhy (D:9)
  Joseph (D:7)
  A wraith (D:8)
  A wyvern (D:8)
  3 steam dragons
  2 water moccasins
  A sky beast (D:6)
  An ice beast (D:7)
  A black bear (D:5)
  3 orc warriors
  A centaur (D:8)
  2 phantoms
  2 kobold brigands (Sewer)
  2 bullfrogs
  7 scorpions
  A gnoll sergeant (D:6)
  5 wights (D:8)
  4 killer bees (D:7)
  3 howler monkeys (D:9)
  9 hounds
  An orc priest (D:7)
  2 jellies (D:6)
  A sleepcap (D:6)
  A gnoll bouda (D:7)
  3 iguanas
  6 orc wizards
  7 adders
  15 gnolls
  2 river rats (Sewer)
  2 white imps
  3 ufetubi
  5 worms
  A dart slug (D:3)
  19 orcs
  9 endoplasms
  6 giant cockroaches
  2 goblins
  3 hobgoblins
  10 jackals
  10 kobolds
  4 quokkas
  5 ball pythons
  7 bats
  9 rats
184 creatures vanquished.

Vanquished Creatures (collateral kills)
  2 orcs (D:8)
2 creatures vanquished.

Vanquished Creatures (others)
  A sky beast (D:6)
  An orc wizard (D:8)
  5 orcs
  A jackal (D:4)
8 creatures vanquished.

Grand Total: 194 creatures vanquished

Notes
Turn   | Place    | Note
-------+----------+-------------------------------------------
     0 | D:1      | cdecastro the Hill Orc Fighter began the quest for the Orb.
     0 | D:1      | Reached XP level 1. HP: 19/19 MP: 1/1
    66 | D:1      | Reached skill level 3 in Axes
   174 | D:1      | Reached XP level 2. HP: 17/26 MP: 2/2
   801 | D:2      | Reached skill level 4 in Axes
  1028 | D:2      | Reached XP level 3. HP: 31/31 MP: 3/3
  1458 | D:2      | Reached skill level 5 in Axes
  1643 | D:3      | Found Bagoawku's Antique Weapon Shoppe.
  1662 | D:3      | Found Gideanis's Assorted Antiques.
  1672 | D:3      | Bought a scroll labelled JASUOV QEIFOSE for 23 gold pieces
  1672 | D:3      | Bought a scroll labelled LUCEOH HYSISOOVULI for 23 gold
                  | pieces
  1672 | D:3      | Bought a scroll labelled XYFAHOASHA for 23 gold pieces
  1672 | D:3      | Bought a fizzy cyan potion for 20 gold pieces
  1672 | D:3      | Bought a murky purple potion for 20 gold pieces
  1811 | D:3      | Reached XP level 4. HP: 22/39 MP: 4/4
  2142 | D:2      | Reached skill level 6 in Axes
  2365 | D:3      | Found Pocad's Jewellery Emporium.
  2526 | D:3      | Found Dotrumm's Distillery.
  2767 | D:4      | Reached XP level 5. HP: 39/40 MP: 5/5
  2811 | D:4      | HP: 2/40 [poisoned by a scorpion]
  2815 | D:4      | Reached skill level 7 in Axes
  2978 | D:4      | Reached skill level 8 in Axes
  2978 | D:4      | Reached XP level 6. HP: 51/51 MP: 6/6
  3277 | D:4      | Became a worshipper of Beogh the Brigand
  3560 | D:4      | Reached skill level 9 in Axes
  3613 | D:5      | Entered Level 5 of the Dungeon
  3683 | D:5      | Reached XP level 7. HP: 38/57 MP: 7/7
  3695 | D:5      | Reached skill level 10 in Axes
  3702 | D:5      | Found Iqaxea's Magic Scroll Shop.
  3783 | D:5      | Reached skill level 5 in Fighting
  3871 | D:5      | Found an ornate altar of the Wu Jian Council.
  3947 | D:5      | Reached * piety under Beogh
  3986 | D:5      | Found a glowing drain.
  3990 | Sewer    | Entered a sewer
  4118 | Sewer    | Reached skill level 11 in Axes
  4118 | Sewer    | Reached XP level 8. HP: 59/68 MP: 8/8
  4194 | Sewer    | Found a white marble altar of Elyvilon.
  4576 | D:5      | Reached skill level 12 in Axes
  4715 | D:5      | Reached ** piety under Beogh
  5149 | D:6      | Reached skill level 5 in Armour
  5764 | D:6      | Reached skill level 13 in Axes
  5764 | D:6      | Reached skill level 1 in Invocations
  5772 | D:6      | HP: 3/68 [poisoned by a water moccasin]
  6102 | D:6      | Reached XP level 9. HP: 74/74 MP: 9/11
  6120 | D:6      | Found a staircase to the Ecumenical Temple.
  6221 | Temple   | Entered the Ecumenical Temple
  7027 | D:7      | Reached skill level 5 in Invocations
  7280 | D:7      | Noticed Joseph
  7367 | D:7      | Killed Joseph
  7368 | D:7      | Reached skill level 14 in Axes
  8030 | D:7      | Noticed a moth of wrath
  8033 | D:7      | Found a bloodstained altar of Trog.
  8445 | D:8      | Reached XP level 10. HP: 60/91 MP: 13/13
  8672 | D:8      | Reached *** piety under Beogh
  8903 | D:8      | Reached skill level 10 in Fighting
  9462 | D:9      | Noticed a sixfirhy
  9472 | D:9      | Killed a sixfirhy
  9473 | D:9      | Reached skill level 15 in Axes
  9492 | D:9      | Noticed a sun demon
  9499 | D:9      | Slain by a sun demon

Illustrated notes

Levels and vault maps discovered:
D:1:      psy_arrival_conway, layout_basic
D:2:      minmay_chambers_of_ones, layout_basic
D:3:      layout_basic, serial_shops, nicolae_shop_tiny_statue_garden,
          nicolae_shop_back_alley_shop, shop, shop, corner_web_ring,
          feat_on_display
D:4:      layout_loops_ring, serial_bayou_pond_d, serial_bayou_pond_a
D:5:      layout_cave_pools, mainiacjoe_overflow_alcove_1, serial_shops,
          kennysheep_mini_moat, gup_sewer_entry_spiral
D:6:      layout_loops_ring, minmay_temple_entry_antechambers,
          kennysheep_cross_room
D:7:      layout_loops_ring, tgw_trog, minmay_misc_feat_four_crosses,
          uniq_joseph
D:8:      layout_basic
D:9:      layout_long_grid, erik_orc_2, serial_demonic, serial_demonic_c,
          serial_demonic_a, serial_demonic_d, serial_demonic_b,
          due_unseen_surprise
Temple:   mainiacjoe_temple_cubbyholes

Skill      XL: |  1  2  3  4  5  6  7  8  9 10 |
---------------+-------------------------------+-----
Axes           | 3 4 5 6 8 9 11 13 14 15 | 15.0
Fighting       | 5 9 10 | 10.0
Armour         | 5 |  5.9
Invocations    | 3 5 |  5.0
Shields        | |  3.2

Action                     |  1- 3 |  4- 6 |  7- 9 | 10-12 || total
---------------------------+-------+-------+-------+-------++-------
  Melee: War axe           |   103 |   163 |   460 |    46 ||   772
         Punch             |       |     2 |    10 |       ||    12
         Battleaxe         |       |       |       |    41 ||    41
  Throw: Dart              |       |       |     4 |       ||     4
 Invoke: Convert to Beogh  |       |     1 |       |       ||     1
    Use: Potion            |       |     3 |     3 |       ||     6
 Armour: Scale mail        |    49 |    81 |   255 |       ||   385
         Plate armour      |       |       |    55 |    42 ||    97
  Dodge: Dodged            |    67 |    74 |   200 |    27 ||   368
